[Event "Titled Tuesday Blitz June 20 Late 2023"]
[White "Haszon, David"]
[Black "Rasulov, Vugar"]
[WhiteFideId "733610"]
[BlackFideId "13402390"]
[WhiteElo "2210"]
[BlackElo "2509"]
[Result "0-1"]
[Round "1"]
[TimeControl "180+2"]
[Date "2023.06.20"]
[WhiteClock "0:00:09"]
[BlackClock "0:01:00"]
[Board "24"]

1. d4 Nf6 2. Nf3 d5 3. Bf4 c5 4. e3 Nc6 5. Nbd2 cxd4 6. exd4 e6 7. c3 Nh5 8. Bg5 f6 9. Bh4 g6 10. Be2 Nf4 11. O-O Bd6 12. Bg3 O-O 13. Re1 Nxe2+ 14. Qxe2 Kg7 15. c4 Ne7 16. c5 Bc7 17. b4 Nf5 18. a4 Nxg3 19. hxg3 Re8 20. Rad1 Bd7 21. b5 Qe7 22. Qd3 Qf7 23. Nb3 Re7 24. g4 h6 25. g3 Rae8 26. Kg2 g5 27. a5 Bb8 28. b6 a6 29. Rh1 e5 30. dxe5 fxe5 31. Nxg5 Qg6 32. Qxg6+ Kxg6 33. Nf3 d4 34. Rhe1 Bxg4 35. Rc1 Bd7 36. Nbd2 Bc6 37. Ne4 Rf8 38. Nh4+ Kg7 39. f3 d3 40. Rcd1 Rd7 41. Re3 Rfd8 42. g4 Kh7 43. Nf5 d2 44. Kf2 Ba4 45. Rh1 d1=Q 46. Rxh6+ Kg8 47. Rg6+ Kf8 48. Rf6+ Rf7 49. Rxf7+ Kxf7 50. Nfd6+ Bxd6 51. Nxd6+ Rxd6 52. cxd6 Qxd6 0-1


[Site "https://www.chess.com"]

[Event "Titled Tuesday Blitz June 20 Late 2023"]
[White "Anton Guijarro, David"]
[Black "Delorme, Axel"]
[WhiteFideId "2285525"]
[BlackFideId "632023"]
[WhiteElo "2618"]
[BlackElo "2478"]
[Result "1-0"]
[Round "1"]
[TimeControl "180+2"]
[Date "2023.06.20"]
[WhiteClock "0:00:05"]
[BlackClock "0:00:00"]
[Board "25"]

1. Nf3 d5 2. c4 e6 3. g3 d4 4. Bg2 c5 5. e3 Nc6 6. exd4 cxd4 7. O-O Nf6 8. d3 Nd7 9. Na3 Be7 10. Nc2 e5 11. Re1 a5 12. b3 O-O 13. Ba3 Bxa3 14. Nxa3 Re8 15. Nd2 Nc5 16. Ne4 Nxe4 17. Bxe4 Qe7 18. Nb5 Be6 19. a3 g6 20. Qd2 Kg7 21. Bg2 Rac8 22. f4 Qc5 23. Bxc6 Qxc6 24. fxe5 Rcd8 25. Nd6 Re7 26. Qg5 Bh3 27. Qf6+ Kg8 28. Ra2 Qxd6 29. Qxd6 Rxd6 30. exd6 Rxe1+ 31. Kf2 Re6 32. c5 Kf8 33. b4 axb4 34. axb4 Bf5 35. Ra7 Bxd3 36. Rxb7 Bf5 37. Ra7 Re8 38. c6 d3 39. d7 1-0


[Site "https://www.chess.com"]

[Event "Titled Tuesday Blitz June 20 Late 2023"]
[White "Shuvalov, Evgenij"]
[Black "Indjic, Aleksandar"]
[WhiteFideId "4187237"]
[BlackFideId "911925"]
[WhiteElo "2080"]
[BlackElo "2614"]
[Result "0-1"]
[Round "1"]
[TimeControl "180+2"]
[Date "2023.06.20"]
[WhiteClock "0:00:30"]
[BlackClock "0:01:26"]
[Board "26"]

1. d4 Nf6 2. c4 e6 3. Nc3 c5 4. d5 exd5 5. cxd5 d6 6. Nf3 g6 7. Nd2 Bg7 8. e4 O-O 9. Be2 Re8 10. O-O Nbd7 11. Re1 Ne5 12. h3 g5 13. Nf1 g4 14. h4 Nh5 15. g3 Nf6 16. Ne3 h5 17. Kg2 a6 18. a4 Rb8 19. Nc4 Nxc4 20. Bxc4 Bd7 21. Bf4 b5 22. axb5 axb5 23. Bd3 b4 24. Nb1 c4 25. Bxc4 Nxe4 26. Nd2 Bf5 27. Ra2 Nxd2 28. Qxd2 Re4 29. Bb3 Rd4 30. Qc1 Rc8 31. Qa1 Rxf4 32. gxf4 Qxh4 33. Re3 Bd4 34. Rg3 Be4+ 35. Kg1 Qh1# 0-1


[Site "https://www.chess.com"]

[Event "Titled Tuesday Blitz June 20 Late 2023"]
[White "Mikaelyan, Arman"]
[Black "Kochiev, Ivan"]
[WhiteFideId "13304852"]
[BlackFideId "2917890"]
[WhiteElo "2456"]
[BlackElo "2287"]
[Result "1-0"]
[Round "1"]
[TimeControl "180+2"]
[Date "2023.06.20"]
[WhiteClock "0:00:43"]
[BlackClock "0:00:00"]
[Board "27"]

1. Nf3 Nf6 2. c4 e6 3. g3 Be7 4. Bg2 O-O 5. O-O c6 6. b3 d5 7. Bb2 b6 8. d4 Bb7 9. Nbd2 Nbd7 10. Qc2 Rc8 11. e4 dxe4 12. Nxe4 Nxe4 13. Qxe4 Nf6 14. Qc2 c5 15. d5 exd5 16. cxd5 Qxd5 17. Rad1 Qh5 18. Qc3 Rcd8 19. Rfe1 Rxd1 20. Rxd1 Rd8 21. Re1 Bf8 22. h3 Bxf3 23. Qxf3 Qxf3 24. Bxf3 Rd2 25. Re2 Rxe2 26. Bxe2 Nd7 27. f4 Bd6 28. Kf2 Kf8 29. Ke3 g6 30. Ke4 Ke7 31. Kd5 Nb8 32. h4 h5 33. Bb5 a6 34. Bd3 Kd7 35. Bf1 Nc6 36. a3 Ne7+ 37. Ke4 Nf5 38. Bh3 Ke6 39. g4 hxg4 40. Bxg4 Bf8 41. h5 Bh6 42. Be5 b5 43. Bc3 c4 44. bxc4 bxc4 45. a4 Bf8 46. Bxf5+ gxf5+ 47. Kd4 Bh6 48. Bd2 f6 49. Kxc4 Kd6 50. Kb4 Kc6 51. Be3 Kb7 52. Kc5 Bf8+ 53. Kd5 Kc7 54. Ke6 1-0


[Site "https://www.chess.com"]

[Event "Titled Tuesday Blitz June 20 Late 2023"]
[White "Kokoszczynski, Jan"]
[Black "Xiong, Jeffery"]
[WhiteFideId "1174460"]
[BlackFideId "2047640"]
[WhiteElo "2139"]
[BlackElo "2726"]
[Result "0-1"]
[Round "1"]
[TimeControl "180+2"]
[Date "2023.06.20"]
[WhiteClock "0:00:00"]
[BlackClock "0:01:47"]
[Board "28"]

1. d4 Nf6 2. c4 c5 3. d5 b5 4. cxb5 a6 5. e3 g6 6. Nc3 Bg7 7. a4 O-O 8. Nf3 Bb7 9. e4 e6 10. Bg5 h6 11. Bxf6 Qxf6 12. e5 Qf4 13. Be2 Bxe5 14. Nxe5 Qxe5 15. O-O axb5 16. axb5 Rxa1 17. Qxa1 exd5 18. Qa7 Bc8 19. Bf3 d4 20. Nd5 c4 21. b6 Nc6 22. Qa8 d3 23. b7 Bxb7 24. Qxb7 Nd4 25. Qxd7 Nxf3+ 26. gxf3 Qxb2 27. Ne3 Qb4 28. Qd4 Rc8 29. Nd5 Qc5 30. Qxc5 Rxc5 31. Nc3 Kg7 32. Rc1 f5 33. Kf1 Kf6 34. Ke1 Ke5 35. Rb1 Kf4 36. Rb6 Re5+ 37. Kd2 g5 38. Rxh6 Kxf3 39. Nd1 Re2+ 40. Kc3 Rc2+ 41. Kd4 Rc1 42. Ne3 d2 43. Rf6 f4 44. h4 Ke2 0-1


[Site "https://www.chess.com"]

[Event "Titled Tuesday Blitz June 20 Late 2023"]
[White "Durarbayli, Vasif"]
[Black "Tifferet, Shaked"]
[WhiteFideId "13402935"]
[BlackFideId "2811529"]
[WhiteElo "2551"]
[BlackElo "2142"]
[Result "1-0"]
[Round "1"]
[TimeControl "180+2"]
[Date "2023.06.20"]
[WhiteClock "0:01:03"]
[BlackClock "0:01:07"]
[Board "29"]

1. e4 c5 2. Nf3 d6 3. d4 cxd4 4. Nxd4 a6 5. c4 Nf6 6. Nc3 e6 7. g4 b6 8. g5 Nfd7 9. Be3 Bb7 10. Qd2 Nc6 11. O-O-O Rc8 12. Nxc6 Bxc6 13. Kb1 Rb8 14. Bf4 Ne5 15. Qc2 Qc7 16. Bc1 Qb7 17. f4 Nd7 18. Bg2 b5 19. cxb5 axb5 20. Rhe1 Be7 21. Nd5 Bxd5 22. exd5 e5 23. fxe5 Nxe5 24. Rxe5 dxe5 25. d6 Qc8 26. Bc6+ Kf8 27. dxe7+ Kxe7 28. Qc5+ Ke6 29. Rd6+ Kf5 30. Qf2+ Kg4 31. Bf3+ 1-0


[Site "https://www.chess.com"]

[Event "Titled Tuesday Blitz June 20 Late 2023"]
[White "cristianserban1"]
[Black "Eljanov, Pavel"]
[BlackFideId "14102951"]
[WhiteElo "2493"]
[BlackElo "2598"]
[Result "0-1"]
[Round "1"]
[TimeControl "180+2"]
[Date "2023.06.20"]
[WhiteClock "0:00:00"]
[BlackClock "0:00:16"]
[Board "30"]

1. d4 d5 2. Bf4 Nf6 3. Nf3 c5 4. e3 Nc6 5. Nbd2 Qb6 6. dxc5 Qxb2 7. Rb1 Qa3 8. Rb3 Qxc5 9. c4 e6 10. Be2 a6 11. O-O Be7 12. Qb1 O-O 13. Rc1 Qa5 14. cxd5 exd5 15. Rxb7 Bxb7 16. Qxb7 Bb4 17. Rxc6 Bxd2 18. Qb2 Bb4 19. Rxf6 Bc3 20. Qb6 gxf6 21. Qb1 d4 22. Bh6 Rfe8 23. h3 Rab8 24. Qd3 Qxa2 0-1


[Site "https://www.chess.com"]

[Event "Titled Tuesday Blitz June 20 Late 2023"]
[White "Zhigalko, Sergei"]
[Black "Przybylski, Wojciech"]
[WhiteFideId "13502956"]
[BlackFideId "1117599"]
[WhiteElo "2626"]
[BlackElo "2228"]
[Result "1-0"]
[Round "1"]
[TimeControl "180+2"]
[Date "2023.06.20"]
[WhiteClock "0:00:02"]
[BlackClock "0:00:00"]
[Board "31"]

1. e4 e5 2. Nf3 Nf6 3. d4 Nxe4 4. Bd3 d5 5. Nxe5 Nd7 6. Nxd7 Bxd7 7. O-O Bd6 8. Nc3 Nxc3 9. bxc3 O-O 10. Qh5 f5 11. Re1 c6 12. c4 Be7 13. Bf4 Bf6 14. Be5 Qe8 15. Qf3 Qf7 16. cxd5 Qxd5 17. Qe2 Qf7 18. Bd6 Rfe8 19. Bc4 Rxe2 20. Bxf7+ Kxf7 21. Rxe2 Be6 22. Be5 Bc4 23. Re3 Bd8 24. a4 a5 25. Rh3 h6 26. Rg3 g6 27. Rc3 b5 28. Rb1 Be7 29. d5 Bb4 30. Rh3 Bxd5 31. axb5 cxb5 32. Rxh6 Bc4 33. h4 Bd2 34. Rh7+ Ke6 35. Ba1 a4 36. Rd1 Rd8 37. Rg7 Be2 38. Rxg6+ Kf7 39. Rf6+ Ke7 40. Rb1 b4 41. Rxf5 Kd6 42. Re5 Bc4 43. Ra5 a3 44. h5 Kc6 45. h6 Bb5 46. h7 a2 47. Rd1 1-0


[Site "https://www.chess.com"]

[Event "Titled Tuesday Blitz June 20 Late 2023"]
[White "Bilan, Danila"]
[Black "Steinberg, Nitzan"]
[WhiteFideId "24161918"]
[BlackFideId "2801795"]
[WhiteElo "2146"]
[BlackElo "2486"]
[Result "0-1"]
[Round "1"]
[TimeControl "180+2"]
[Date "2023.06.20"]
[WhiteClock "0:00:11"]
[BlackClock "0:00:29"]
[Board "32"]

1. d4 Nf6 2. Nf3 c5 3. e3 e6 4. c3 b6 5. Nbd2 Bb7 6. Bd3 d5 7. Ne5 Nbd7 8. f4 Be7 9. O-O O-O 10. Qf3 Nxe5 11. fxe5 Nd7 12. Qh5 g6 13. Qh3 Qc8 14. Nf3 Ba6 15. Bxa6 Qxa6 16. e4 cxd4 17. cxd4 dxe4 18. Ng5 Bxg5 19. Bxg5 Qd3 20. Be3 Rac8 21. Rad1 Qe2 22. Rd2 Qh5 23. Qxh5 gxh5 24. Bh6 Rfd8 25. Rdf2 f5 26. exf6 Kf7 27. Re1 Kg6 28. Bg7 Rc4 29. Rxe4 Rc1+ 30. Rf1 Rxf1+ 31. Kxf1 Nxf6 32. Bxf6 Kxf6 33. Ke2 Rg8 34. Kf3 Rc8 35. Rh4 Kg5 36. Re4 Rc2 37. h4+ Kf6 38. Re2 Rc1 39. a3 a5 40. Ke4 Ke7 41. Rf2 Re1+ 42. Kf4 Kd6 43. Kg5 Re4 44. Rd2 Kd5 45. Kxh5 Rxd4 46. Rxd4+ Kxd4 47. g4 e5 48. g5 e4 49. g6 hxg6+ 50. Kxg6 e3 51. h5 e2 52. h6 e1=Q 53. h7 Qe5 54. Kf7 Qh8 0-1


[Site "https://www.chess.com"]

[Event "Titled Tuesday Blitz June 20 Late 2023"]
[White "Henriquez Villagra, Cristobal"]
[Black "Namitbir Singh Walia"]
[WhiteFideId "3409350"]
[BlackFideId "35071068"]
[WhiteElo "2542"]
[BlackElo "2239"]
[Result "1/2-1/2"]
[Round "1"]
[TimeControl "180+2"]
[Date "2023.06.20"]
[WhiteClock "0:00:07"]
[BlackClock "0:00:12"]
[Board "33"]

1. Nf3 d5 2. g3 Nf6 3. Bg2 g6 4. O-O Bg7 5. d4 O-O 6. c3 c6 7. a4 Bf5 8. a5 Nbd7 9. Nbd2 h6 10. Nh4 Be6 11. f4 Bf5 12. h3 Ne4 13. Nxf5 gxf5 14. Nxe4 fxe4 15. f5 e6 16. g4 exf5 17. Rxf5 Qe7 18. Bf4 Qe6 19. Qd2 b6 20. Rf1 bxa5 21. Rh5 Nf6 22. Rh4 Rfe8 23. Qe3 Rab8 24. Bxh6 Nd7 25. Rh5 Rxb2 26. Rff5 Nf8 27. Rfg5 Ng6 28. Rf5 Nf8 29. Qg5 Qg6 30. Qh4 Ne6 31. Rfg5 Nxg5 32. Rxg5 a4 33. Rxg6 fxg6 34. Qg5 a3 35. Qxg6 Re7 36. Bxg7 Rxg7 37. Qe8+ Kh7 38. Bxe4+ dxe4 39. Qxe4+ Kh8 40. Qe8+ Kh7 41. Qh5+ Kg8 42. Qe8+ Kh7 43. Qh5+ Kg8 44. Qa5 a2 45. Kf2 Rf7+ 46. Kg3 Rf1 47. Qd8+ Rf8 48. Qg5+ Kf7 49. Qa5 Kg7 50. Qxa7+ Rf7 51. Qa3 Rfb7 52. g5 Rxe2 53. h4 Rb1 54. Qa7+ Kg6 55. Qc5 a1=Q 56. Qxc6+ Kf5 57. Qf3+ Kg6 58. Qf6+ Kh7 59. g6+ Kh6 60. g7+ Kh7 61. Qf5+ Kxg7 62. Qg4+ Kf7 63. Qf3+ Kg7 64. Qg4+ Kh6 65. Qg5+ Kh7 66. Qh5+ Kg7 67. Qg4+ 1/2-1/2


[Site "https://www.chess.com"]

[Event "Titled Tuesday Blitz June 20 Late 2023"]
[White "Papayan, Oleg"]
[Black "Tari, Aryan"]
[WhiteFideId "4193911"]
[BlackFideId "1510045"]
[WhiteElo "2167"]
[BlackElo "2586"]
[Result "0-1"]
[Round "1"]
[TimeControl "180+2"]
[Date "2023.06.20"]
[WhiteClock "0:00:02"]
[BlackClock "0:01:43"]
[Board "34"]

1. e4 e5 2. Nf3 Nc6 3. Bb5 Nge7 4. c3 d5 5. exd5 Qxd5 6. Qe2 Bg4 7. Bc4 Bxf3 8. Bxd5 Bxe2 9. Bxc6+ Nxc6 10. Kxe2 e4 11. d4 exd3+ 12. Kxd3 O-O-O+ 13. Ke2 Bc5 14. Be3 Rhe8 15. Nd2 f5 16. g3 g5 17. Nb3 Bxe3 18. fxe3 f4 19. gxf4 gxf4 20. Rhe1 Rxe3+ 21. Kf2 Rh3 22. Kg2 Rh5 23. Re4 Rg8+ 24. Kh1 Ne5 25. Rxf4 Ng4 26. Rxg4 Rxg4 27. Re1 a5 28. Re2 b6 29. Nd4 Kb7 30. Re3 Rgh4 31. Nf3 Rf4 32. Kg2 Rh6 33. Kg3 Rf7 34. h3 Rg6+ 35. Kh2 Rfg7 36. Nh4 Rd6 37. Nf5 Rd2+ 38. Kh1 Rf7 39. Nd4 Rf1# 0-1


[Site "https://www.chess.com"]

[Event "Titled Tuesday Blitz June 20 Late 2023"]
[White "Lashkin, Jegor"]
[Black "Jovic, Stanoje"]
[WhiteFideId "13907808"]
[BlackFideId "905020"]
[WhiteElo "2368"]
[BlackElo "2236"]
[Result "1-0"]
[Round "1"]
[TimeControl "180+2"]
[Date "2023.06.20"]
[WhiteClock "0:00:14"]
[BlackClock "0:00:00"]
[Board "35"]

1. Nf3 Nf6 2. e3 c5 3. d4 b6 4. b3 Bb7 5. Bb2 e6 6. Bd3 Be7 7. O-O O-O 8. Nbd2 d5 9. Qe2 a6 10. dxc5 bxc5 11. c4 Nc6 12. Rac1 Rc8 13. Rfd1 Qa5 14. cxd5 exd5 15. a3 Rfe8 16. Bf5 Rcd8 17. Qd3 g6 18. Bh3 Ne4 19. Nxe4 dxe4 20. Qxe4 Qb6 21. Qc2 Rxd1+ 22. Rxd1 Rd8 23. Rc1 Na5 24. Qc3 f6 25. Nd2 Kg7 26. Bg4 Nc6 27. Nc4 Qc7 28. Bf3 Qd7 29. h4 Qd3 30. h5 gxh5 31. Bxh5 Qxc3 32. Bxc3 Nb8 33. Be2 Bd5 34. Ba5 Rg8 35. Rd1 Be4 36. f3 Bc2 37. Rc1 Bxb3 38. e4 Kf7 39. Ne3 Nc6 40. Bb6 Nd4 41. Kf2 Nxe2 42. Kxe2 Rc8 43. Ba5 Be6 44. Bc3 c4 45. Ra1 Rb8 46. Kd2 Rb3 47. Nc2 h5 48. a4 Rb8 49. Nd4 Rd8 50. Kc2 Bc5 51. Nxe6 Kxe6 52. Rh1 Rd3 53. Rxh5 Be3 54. Ra5 Bg5 55. Rxa6+ Kf7 56. Ra7+ Kg6 57. Rc7 Re3 58. Rxc4 Re2+ 59. Kd3 Rxg2 60. a5 Rf2 61. a6 Rxf3+ 62. Kc2 Rf2+ 63. Kb3 Rh2 64. a7 Rh8 65. Ra4 Ra8 66. Bd4 Bf4 67. Kc4 Kf7 68. Kd5 Ke7 69. Kc6 Bb8 70. Bc5+ Ke6 71. Kb7 Bxa7 72. Bxa7 Re8 73. Bb8 Kf7 74. Bc7 Re6 75. Kc8 Kg6 76. Kd7 Kf7 77. Bd6 f5 78. e5 Rh6 79. Rf4 Kg6 80. e6 Rh7+ 81. e7 Kf6 82. Rf1 Rf7 83. Kd8 Rxe7 84. Bxe7+ Kg6 85. Ke8 Kh5 86. Bd6 Kg4 87. Bf4 Kh3 88. Ke7 Kg2 89. Ra1 Kf3 90. Ra4 Kg4 91. Kf6 Kf3 92. Kxf5 Ke2 93. Ra5 Kd3 94. Re5 Kc3 95. Ke4 Kc4 96. Rd5 Kc3 97. Rd4 Kc2 98. Rd3 Kb1 99. Rd2 Kc1 100. Kd3 Kb1 101. Kc3 Kc1 102. Kb3 1-0


[Site "https://www.chess.com"]

[Event "Titled Tuesday Blitz June 20 Late 2023"]
[White "Storme, Isak"]
[Black "Licznerski, Lukasz"]
[WhiteFideId "1728113"]
[BlackFideId "1179250"]
[WhiteElo "2327"]
[BlackElo "2453"]
[Result "1-0"]
[Round "1"]
[TimeControl "180+2"]
[Date "2023.06.20"]
[WhiteClock "0:01:31"]
[BlackClock "0:00:35"]
[Board "36"]

1. e4 c6 2. Nf3 d5 3. d3 Bg4 4. h3 Bxf3 5. Qxf3 e6 6. g3 Bd6 7. Bg2 Ne7 8. O-O O-O 9. Nd2 Nd7 10. Qe2 Qc7 11. d4 Rae8 12. e5 Bb4 13. c3 Ba5 14. b4 Bb6 15. f4 a5 16. a3 Ba7 17. Nf3 b6 18. Rb1 c5 19. b5 f5 20. Ng5 Nc8 21. Qh5 h6 22. Nxe6 Qb7 23. Nxf8 Rxf8 24. c4 Ne7 25. cxd5 Nxd5 26. Qf3 1-0


[Site "https://www.chess.com"]

[Event "Titled Tuesday Blitz June 20 Late 2023"]
[White "Saric, Ivan"]
[Black "Koc, Przemyslaw"]
[WhiteFideId "14508150"]
[BlackFideId "1109081"]
[WhiteElo "2576"]
[BlackElo "2161"]
[Result "1-0"]
[Round "1"]
[TimeControl "180+2"]
[Date "2023.06.20"]
[WhiteClock "0:00:34"]
[BlackClock "0:00:38"]
[Board "37"]

1. e4 e5 2. Nf3 Nf6 3. Nc3 d6 4. d4 Nbd7 5. Bc4 Be7 6. a4 c6 7. O-O O-O 8. h3 b6 9. Re1 a6 10. Be3 Bb7 11. Ba2 b5 12. axb5 axb5 13. b4 Qc7 14. Qd3 h6 15. Bb3 exd4 16. Nxd4 Ne5 17. Qd2 Rxa1 18. Rxa1 Ra8 19. Rd1 Bf8 20. Nf5 Rd8 21. Bd4 Re8 22. Qf4 c5 23. bxc5 dxc5 24. Nxb5 Qb8 25. Bxe5 Qxe5 26. Qxe5 Rxe5 27. Nfd6 Bxd6 28. Nxd6 Re7 29. e5 Rxe5 30. Nxb7 1-0


[Site "https://www.chess.com"]

[Event "Titled Tuesday Blitz June 20 Late 2023"]
[White "Bazilius, Augustinas"]
[Black "Ibarra Jerez, Jose Carlos"]
[WhiteFideId "12832251"]
[BlackFideId "2226332"]
[WhiteElo "1980"]
[BlackElo "2631"]
[Result "0-1"]
[Round "1"]
[TimeControl "180+2"]
[Date "2023.06.20"]
[WhiteClock "0:01:23"]
[BlackClock "0:01:02"]
[Board "38"]

1. d4 Nf6 2. c4 d6 3. Nc3 e5 4. e4 exd4 5. Qxd4 Nc6 6. Qd1 g6 7. Nf3 Bg7 8. Be2 O-O 9. O-O Re8 10. Qc2 Nxe4 11. Nxe4 Bf5 12. Nfd2 Nd4 13. Qd3 b5 14. Bf3 bxc4 15. Qxc4 d5 16. Nf6+ Qxf6 17. Bxd5 Rad8 18. Nf3 Nxf3+ 19. gxf3 Bh3 20. Rd1 c6 21. Bg5 Qxg5+ 0-1


[Site "https://www.chess.com"]

[Event "Titled Tuesday Blitz June 20 Late 2023"]
[White "Sjugirov, Sanan"]
[Black "Turner, Max N"]
[WhiteFideId "4189302"]
[BlackFideId "447722"]
[WhiteElo "2569"]
[BlackElo "2157"]
[Result "1-0"]
[Round "1"]
[TimeControl "180+2"]
[Date "2023.06.20"]
[WhiteClock "0:00:09"]
[BlackClock "0:00:01"]
[Board "39"]

1. d4 d5 2. c4 e6 3. Nc3 Nf6 4. cxd5 exd5 5. Bg5 c6 6. e3 Be7 7. Bd3 h6 8. Bh4 O-O 9. Nge2 Re8 10. Qc2 Nbd7 11. O-O Nh5 12. Bxe7 Qxe7 13. Rae1 Nhf6 14. Kh1 Ne4 15. f3 Nxc3 16. Nxc3 Nf6 17. e4 dxe4 18. fxe4 Ng4 19. h3 Qh4 20. Kg1 Nf6 21. Qd2 Bxh3 22. Rf4 Bg4 23. Qf2 Qxf2+ 24. Kxf2 Be6 25. e5 Nd5 26. Nxd5 Bxd5 27. a3 Rad8 28. b4 Be6 29. Ke3 Rd7 30. Rd1 Red8 31. Be2 a5 32. bxa5 Ra8 33. a6 b5 34. a4 bxa4 35. d5 Bxd5 36. Rxa4 Re7 37. Kd4 Bb3 38. Rda1 c5+ 39. Ke4 Bxa4 40. Rxa4 f6 41. Bc4+ Kf8 42. e6 Rea7 43. Kd5 Ke7 44. Kxc5 Rc8+ 45. Kb6 Rcc7 46. Bd5 g5 47. Ra5 h5 48. Bb7 Rcxb7+ 49. axb7 Rxb7+ 50. Kxb7 Kxe6 51. Kc6 f5 52. Kc5 Ke5 53. Kc4+ Ke4 54. Kc3 h4 55. Kd2 Kf4 56. Ke2 g4 57. Kf1 Ke4 58. Ra4+ Ke3 59. Ra3+ Kf4 60. Kf2 Ke4 61. Ra4+ Ke5 62. Ke3 1-0


[Site "https://www.chess.com"]

[Event "Titled Tuesday Blitz June 20 Late 2023"]
[White "Barria Santos, Jose Guilherme"]
[Black "Sanal, Vahap"]
[WhiteFideId "1939300"]
[BlackFideId "6300545"]
[WhiteElo "2266"]
[BlackElo "2606"]
[Result "0-1"]
[Round "1"]
[TimeControl "180+2"]
[Date "2023.06.20"]
[WhiteClock "0:00:07"]
[BlackClock "0:00:23"]
[Board "40"]

1. d4 d5 2. c4 c6 3. Nc3 Nf6 4. e3 e6 5. Nf3 Nbd7 6. Be2 Bd6 7. O-O dxc4 8. a4 O-O 9. Bxc4 e5 10. e4 Qc7 11. dxe5 Nxe5 12. Nxe5 Bxe5 13. h3 Bxc3 14. bxc3 Nxe4 15. Bd3 Nf6 16. Qf3 Be6 17. Bf4 Qa5 18. Rfe1 Bd5 19. Qg3 Rfe8 20. Be5 Qd8 21. Qh4 h6 22. c4 Be6 23. Rad1 Nd7 24. Qg3 Qg5 25. Bf1 Nxe5 26. Qxg5 Nf3+ 27. gxf3 hxg5 28. Rb1 Re7 29. a5 Rd8 30. Rb2 Red7 31. Re5 Rd1 32. Kg2 Rc1 33. Be2 Rd7 34. Rxg5 f6 35. Rc5 a6 36. Rh5 Bf7 37. Rh4 Bg6 38. Rg4 Bf5 39. Rf4 g6 40. h4 Kf7 41. h5 Ke6 42. hxg6 Rg7 43. Rh4 Rxg6+ 44. Kh2 Rgg1 45. Rxb7 Rh1+ 46. Kg3 Rcg1+ 47. Kf4 Rxh4+ 48. Ke3 Re1 49. Rb6 Rxc4 50. Kd2 Rxe2+ 51. Kxe2 Rc3 52. Kd2 Rd3+ 53. Ke2 Rd6 54. Ke3 Bd3 55. f4 Bb5 0-1


[Site "https://www.chess.com"]

[Event "Titled Tuesday Blitz June 20 Late 2023"]
[White "Corrales Jimenez, Fidel"]
[Black "Araujo Sanchez, Josue"]
[WhiteFideId "3506690"]
[BlackFideId "6416896"]
[WhiteElo "2511"]
[BlackElo "2417"]
[Result "1-0"]
[Round "1"]
[TimeControl "180+2"]
[Date "2023.06.20"]
[WhiteClock "0:00:23"]
[BlackClock "0:00:00"]
[Board "41"]

1. c4 g6 2. g3 Bg7 3. Bg2 c5 4. Nf3 Nc6 5. O-O d6 6. e3 Nf6 7. d4 O-O 8. Nc3 Bf5 9. Re1 Ne4 10. Nh4 Nxc3 11. bxc3 Bd7 12. Rb1 b6 13. Bxc6 Bxc6 14. d5 Bd7 15. Qd3 e5 16. e4 Bf6 17. Ng2 Bg7 18. f3 f6 19. Bd2 Qe8 20. Rf1 f5 21. Rbe1 fxe4 22. fxe4 Qe7 23. Nh4 Bh3 24. Ng2 Rxf1+ 25. Rxf1 Rf8 26. Rxf8+ Qxf8 27. Qf1 Qe8 28. Qd1 h5 29. Ne3 Qf7 30. Qe2 Kh7 31. Be1 Bh6 32. Nd1 Bg4 33. Qd3 Bf3 34. Bf2 Qf6 35. h4 g5 36. Ne3 gxh4 37. gxh4 Qg7+ 38. Kf1 Bxe3 39. Qxe3 Qg2+ 40. Ke1 Qh1+ 41. Bg1 Qxh4+ 42. Kd2 Qxe4 43. Qg5 Qe2+ 44. Kc1 Qxc4 45. Qf5+ Kg7 46. Qd7+ Kg6 47. Qe6+ Kg5 48. Be3+ Kh4 49. Bf2+ Kg5 50. Qe7+ Kf4 51. Qf6+ Kg4 52. Qh4+ Kf5 53. Qxc4 1-0


[Site "https://www.chess.com"]

[Event "Titled Tuesday Blitz June 20 Late 2023"]
[White "Gomez Barrera, Javiera Belen"]
[Black "Zakhartsov, Vladimir"]
[WhiteFideId "3418723"]
[BlackFideId "4145097"]
[WhiteElo "2119"]
[BlackElo "2508"]
[Result "0-1"]
[Round "1"]
[TimeControl "180+2"]
[Date "2023.06.20"]
[WhiteClock "0:00:00"]
[BlackClock "0:01:12"]
[Board "42"]

1. e4 g6 2. d4 Bg7 3. Nc3 a6 4. a4 b6 5. Be3 Bb7 6. h4 h6 7. f4 h5 8. Nf3 Nf6 9. Bd3 Ng4 10. Bg1 d5 11. e5 e6 12. Ne2 Nd7 13. c3 c5 14. Ng5 Qe7 15. Qd2 O-O 16. Be3 Bc6 17. O-O b5 18. axb5 axb5 19. g3 Rfb8 20. Kg2 b4 21. Bg1 Bf8 22. Rxa8 Rxa8 23. cxb4 c4 24. Bb1 Qxb4 25. Qc2 Ba4 26. Qc3 Rb8 27. Qxb4 Rxb4 28. Nc3 Rxb2+ 29. Kh3 Bc6 30. Rf3 Bb4 0-1


[Site "https://www.chess.com"]

[Event "Titled Tuesday Blitz June 20 Late 2023"]
[White "Moroni, Luca Jr"]
[Black "Ansh M Shah"]
[WhiteFideId "865834"]
[BlackFideId "25033379"]
[WhiteElo "2569"]
[BlackElo "2084"]
[Result "1-0"]
[Round "1"]
[TimeControl "180+2"]
[Date "2023.06.20"]
[WhiteClock "0:02:00"]
[BlackClock "0:01:25"]
[Board "43"]

1. c4 c6 2. Nf3 d5 3. e3 g6 4. d4 Bg7 5. Nc3 Nf6 6. Be2 O-O 7. O-O Bg4 8. b3 e6 9. Bb2 Nbd7 10. Rc1 Re8 11. Re1 Rc8 12. h3 Bxf3 13. Bxf3 e5 14. cxd5 cxd5 15. Nxd5 e4 16. Nxf6+ Nxf6 17. Be2 Qa5 18. a3 Nd5 19. Bc4 Bf8 20. b4 Qd8 21. Qb3 Rxc4 22. Qxc4 Qg5 23. Qb5 Re6 24. Qxb7 Bd6 25. Rc5 Bxc5 26. dxc5 f6 27. Rd1 Nxe3 28. Rd8+ 1-0


[Site "https://www.chess.com"]

[Event "Titled Tuesday Blitz June 20 Late 2023"]
[White "Reprintsev, Alexander"]
[Black "Iturrizaga Bonelli, Eduardo"]
[WhiteFideId "14100541"]
[BlackFideId "3901211"]
[WhiteElo "2229"]
[BlackElo "2647"]
[Result "0-1"]
[Round "1"]
[TimeControl "180+2"]
[Date "2023.06.20"]
[WhiteClock "0:00:00"]
[BlackClock "0:00:53"]
[Board "44"]

1. e4 c5 2. Nf3 e6 3. b3 Nf6 4. e5 Nd5 5. Bb2 Nc6 6. g3 Be7 7. c4 Nb6 8. Bg2 O-O 9. O-O d5 10. exd6 Qxd6 11. Nc3 Rd8 12. Re1 Bd7 13. Nb5 Qb8 14. Ne5 Be8 15. Nxc6 Bxc6 16. Bxc6 bxc6 17. Na3 Qd6 18. Bc3 Nd7 19. Nc2 Bf6 20. Qe2 a5 21. a4 Rdb8 22. Rab1 Rb7 23. Ne3 Bd4 24. Qf3 Rab8 25. Bxa5 Rxb3 26. Rxb3 Rxb3 27. Kg2 Ra3 28. Rb1 Rxa4 29. Bc3 h6 30. Rb7 Ra3 31. Qe4 Bxc3 32. dxc3 Rxc3 33. Ng4 Rd3 34. Ne3 Rd4 35. Qb1 g6 36. h4 h5 37. Qa2 Kg7 38. Qa7 Rd2 39. Kh3 e5 40. g4 hxg4+ 41. Nxg4 Qd3+ 42. Kh2 Qf5 43. Rxd7 Rxd7 44. Qxc5 Qf4+ 45. Kh3 Qf3+ 46. Kh2 Qxg4 0-1


[Site "https://www.chess.com"]

[Event "Titled Tuesday Blitz June 20 Late 2023"]
[White "Rustemov, Alexander"]
[Black "a-z30"]
[WhiteFideId "4119002"]
[WhiteElo "2872"]
[BlackElo "2474"]
[Result "1-0"]
[Round "1"]
[TimeControl "180+2"]
[Date "2023.06.20"]
[WhiteClock "0:00:47"]
[BlackClock "0:00:00"]
[Board "45"]

1. d4 d6 2. Nf3 Nf6 3. c4 g6 4. g3 Bg7 5. Bg2 O-O 6. Nc3 c6 7. O-O Bf5 8. Nh4 Bd7 9. e4 e5 10. Nf3 Qc7 11. h3 a5 12. Be3 Na6 13. Re1 Rfe8 14. Rc1 exd4 15. Nxd4 Rad8 16. b3 Nc5 17. Qc2 Qb6 18. Rb1 Qb4 19. Bd2 Qb6 20. Be3 Qb4 21. g4 Ne6 22. Red1 Nxd4 23. Bxd4 d5 24. exd5 cxd5 25. Bxf6 Bxf6 26. Nxd5 Qd6 27. c5 Qe6 28. Nxf6+ Qxf6 29. Bxb7 h5 30. c6 Bc8 31. Rxd8 Rxd8 32. Bxc8 Rxc8 33. Rc1 hxg4 34. hxg4 Qf3 35. Qc4 Rc7 36. a3 Kh7 37. b4 Kh6 38. b5 Kg5 39. b6 Kh4 40. bxc7 Kh3 41. Qf1+ 1-0


[Site "https://www.chess.com"]